 Dungeon Crawl Stone Soup version 0.27-a0-1228-gfd60fd639a (webtiles) character file.

Game seed: 8205152493354001538

2485 doombilly the Cleaver (level 9, 0/78 HPs)
             Began as a Minotaur Berserker on June 6, 2021.
             Was a Believer of Trog.
             Slain by a yak (3 damage)
             ... on level 8 of the Dungeon on June 7, 2021.
             The game lasted 00:35:27 (7544 turns).

doombilly the Cleaver (Minotaur Berserker)          Turns: 7544, Time: 00:35:28

Health: 0/78       AC: 19    Str: 25    XL:     9   Next: 27%
Magic:  8/8        EV:  9    Int:  4    God:    Trog [**....]
Gold:   262        SH:  0    Dex: 10    Spells: 8/8 levels left

rFire    . . .     SeeInvis +   a - +0 hand axe
rCold    . . .     Faith    .   (no shield)
rNeg     . . .     Spirit   .   g - +0 shadow dragon scales
rPois    .         Reflect  .   (helmet restricted)
rElec    .         Harm     .   f - +1 cloak
rCorr    .         Rampage  .   d - +0 pair of gloves
Will     ++...                  q - +0 pair of boots
Stlth    +++.......             (no amulet)
HPRegen  1.23/turn              n - ring of see invisible
MPRegen  0.11/turn              (no ring)

@: lethally poisoned (0 -> -2), strong-willed, on berserk cooldown,
regenerating, slowed, very slow
A: horns 2, retaliatory headbutt
a: Renounce Religion, Berserk, Trog's Hand


You were on level 8 of the Dungeon.
You worshipped Trog.
Trog was pleased with you.
You visited 2 branches of the dungeon, and saw 9 of its levels.

You collected 262 gold pieces.

Inventory:

Hand Weapons
 a - a +0 hand axe (weapon)
Missiles
 e - 4 javelins
 i - 122 stones
 u - 2 throwing nets
Armour
 b - a +0 animal skin
 d - a +0 pair of gloves (worn)
 f - a +1 cloak (worn)
 g - +0 shadow dragon scales (worn)
 q - a +0 pair of boots (worn)
Jewellery
 n - a ring of see invisible (left hand)
Wands
 w - a wand of polymorph (7)
Scrolls
 j - 2 scrolls of torment
 k - 3 scrolls of noise
 s - 3 scrolls of identify
 t - a scroll of enchant armour {unknown}
 v - a scroll of summoning {unknown}
Potions
 c - a potion of flight {unknown}
 h - 3 potions of heal wounds
 l - a potion of haste
 m - 2 potions of brilliance
 o - a potion of degeneration {unknown}
 p - a potion of magic {unknown}
 r - a potion of ambrosia {unknown}


   Skills:
 + Level 6.8 Fighting
 + Level 10.2 Axes
 + Level 8.8 Armour
 + Level 3.2 Dodging
 + Level 3.3 Stealth


You had 8 spell levels left.
You didn't know any spells.
Your spell library contained the following spells:

 Spells                   Type           Power      Damage    Failure   Level
 Beastly Appendage        Tmut           0%         N/A       97%         1
 Wereblood                Tmut           0%         N/A       99%         2
 Spider Form              Tmut/Pois      0%         N/A       100%        3
 Ice Form                 Ice/Tmut       0%         N/A       100%        4
 Hydra Form               Tmut           0%         N/A       100%        5


Dungeon Overview and Level Annotations

Branches:
Dungeon (8/15)             Temple (1/1) D:6
   Lair: D:8-11

Altars:
Ashenzari
Cheibriados
Elyvilon
Fedhas
Hepliaklqana
Kikubaaqudgha
Makhleb
Qazlal
Ru
Trog
Uskayaw
Vehumet
Wu Jian
Xom
Yredelemnul
Zin
The Shining One


Innate Abilities, Weirdness & Mutations

You have a pair of horns on your head.
You reflexively headbutt those who attack you in melee.


Message History

The kobold brigand closely misses you. The yak gores you but does no damage.
You closely miss the kobold brigand. You closely miss the kobold.
You hit the yak but do no damage. You closely miss the bullfrog.
You hit the killer bee.
You kill the killer bee!
Trog accepts your kill.
You closely miss the centaur.
You feel very sick.
The centaur hits you but does no damage.
The centaur closely misses you. The bullfrog hits you.
A black bear comes into view.
The centaur hits you but does no damage.
The centaur kicks you. The kobold hits you but does no damage.
The orc warrior hits you but does no damage.
The kobold brigand hits you with a +0 club.
A kobold zombie comes into view.
The bullfrog hits you but does no damage.
The yak gores you but does no damage. The centaur barely misses you.
The centaur completely misses you.
Your skin crawls.
You feel strong-willed.
You feel very sick. The centaur barely misses you.
The centaur kicks you but does no damage.
The bullfrog hits you.
The centaur hits you but does no damage.
The centaur kicks you but does no damage.
The orc warrior barely misses you.
The kobold brigand hits you but does no damage.
The yak gores you!
* * * LOW HITPOINT WARNING * * *
The bullfrog hits you.
* * * LOW HITPOINT WARNING * * *
The centaur hits you!
* * * LOW HITPOINT WARNING * * *
The centaur kicks you but does no damage.
The orc warrior hits you from afar with a +0 halberd.
* * * LOW HITPOINT WARNING * * *
The yak gores you.
You die...

..P............
..........P.h#..
..P..........Z#
.....P.....Y..#
........lK....#
.......KKoF..###
.#P..P.KYYF.....#
........K@Z..#
.#..#.....c#.#
.............#
#....#.))#.###.#
#......$.......#
#.#..##.##.#####
....# #.##.#
#.... ..##.##
#z.. .###...#


You could see 3 yaks, an orc warrior, a black bear, a wyvern, a kobold brigand,
2 bullfrogs, a centaur (berserk), 2 rat zombies and 4 kobolds.

Vanquished Creatures
  Prince Ribbit (D:6)
  Menkaure (D:6)
  An acid dragon (D:8)
  A water moccasin (D:8)
  An orc warrior (D:7)
  An ice beast (D:4)
  2 ogres
  A necrophage (D:7)
  3 bullfrogs
  2 wyvern zombies (D:7)
  A gnoll sergeant (D:7)
  A scorpion (D:6)
  5 killer bees (D:8)
  A howler monkey (D:6)
  3 wights
  A bullfrog zombie (D:5)
  5 centaur zombies
  A human zombie (D:7)
  2 hounds (D:6)
  A jelly (D:7)
  2 orc priests
  A centaur skeleton (D:5)
  A scorpion zombie (D:4)
  An orc wizard (D:6)
  A killer bee zombie (D:7)
  4 mummies (D:7)
  4 gnolls (D:7)
  8 adders
  A shadow imp (D:7)
  An ufetubus (D:5)
  An adder skeleton (D:4)
  A worm (D:2)
  4 dart slugs
  7 orcs
  4 bats
  8 endoplasms
  2 goblins (D:4)
  5 hobgoblins
  5 kobolds
  4 quokkas
  2 ball pythons
  2 frilled lizards
  4 rats
108 creatures vanquished.

Vanquished Creatures (others)
  45 fungi (D:8)
  49 plants (D:8)
94 creatures vanquished.

Grand Total: 202 creatures vanquished

Notes
Turn   | Place    | Note
-------+----------+-------------------------------------------
     0 | D:1      | doombilly the Minotaur Berserker began the quest for the
                  | Orb.
     0 | D:1      | Reached XP level 1. HP: 19/19 MP: 0/0
   277 | D:1      | Reached XP level 2. HP: 24/27 MP: 1/1
   347 | D:1      | Reached skill level 4 in Axes
   390 | D:1      | Found a faded altar of an unknown god.
  1100 | D:2      | Reached XP level 3. HP: 34/34 MP: 2/2
  1176 | D:2      | Found a blossoming altar of Fedhas.
  1216 | D:2      | Reached ** piety under Trog
  1276 | D:2      | Reached XP level 4. HP: 37/41 MP: 3/3
  1882 | D:3      | Reached skill level 5 in Axes
  2273 | D:3      | Found a glowing silver altar of Zin.
  2273 | D:3      | Noticed an angel
  2557 | D:4      | Found a snail-covered altar of Cheibriados.
  2612 | D:4      | Reached XP level 5. HP: 9/47 MP: 4/4
  3160 | D:4      | Noticed an ice beast
  3189 | D:4      | Killed an ice beast
  3190 | D:4      | Reached skill level 5 in Fighting
  3190 | D:4      | Reached skill level 1 in Stealth
  3906 | D:4      | Reached skill level 6 in Axes
  3906 | D:4      | Reached XP level 6. HP: 53/56 MP: 5/5
  4039 | D:5      | Entered Level 5 of the Dungeon
  4170 | D:5      | Found a glowing golden altar of the Shining One.
  4668 | D:6      | Noticed Prince Ribbit
  4680 | D:6      | Killed Prince Ribbit
  4681 | D:6      | Reached skill level 7 in Axes
  4681 | D:6      | Reached skill level 5 in Armour
  4681 | D:6      | Reached XP level 7. HP: 61/61 MP: 6/6
  5229 | D:6      | Found a staircase to the Ecumenical Temple.
  5247 | Temple   | Entered the Ecumenical Temple
  5320 | Temple   | Upgraded the game from 0.27-a0-1219-g958d993ae5 to
                  | 0.27-a0-1228-gfd60fd639a
  5463 | D:6      | Found a blossoming altar of Fedhas.
  5467 | D:6      | Found a hide-covered altar of Uskayaw.
  5468 | D:6      | Noticed Menkaure
  5478 | D:6      | Killed Menkaure
  5580 | D:6      | Found a burning altar of Makhleb.
  5880 | D:6      | Reached XP level 8. HP: 49/70 MP: 7/7
  6237 | D:7      | Reached skill level 8 in Axes
  6412 | D:7      | Found a basalt altar of Yredelemnul.
  6890 | D:7      | Reached skill level 9 in Axes
  7382 | D:8      | Reached XP level 9. HP: 73/78 MP: 8/8
  7540 | D:8      | Reached skill level 10 in Axes
  7544 | D:8      | HP: 3/78 [orc warrior/+0 halberd (2)]
  7544 | D:8      | Slain by a yak

Illustrated notes

Levels and vault maps discovered:
D:1:      evilmike_arrival_crescent, layout_loops_ring, basic_ecumenical_altar,
          minmay_stone_trees_small
D:2:      layout_loops_ring, basic_altar
D:3:      layout_basic, zin_angel, solitary_fountain
D:4:      layout_layer_cave, cheibriados_altar_1, kennysheep_small_square
D:5:      layout_loops_corners, lemuel_doored_altar, grunt_gozag_statues,
          minivault_25
D:6:      layout_gridville, lemuel_crystal_altar, grunt_temple_overflow_open,
          minmay_temple_entry_water_ring, uniq_prince_ribbit1, uniq_menkaure
D:7:      layout_loops_corners, lemuel_mausoleum_altar_yredelemnul,
          nicolae_overflow_crystal_walls, uniq_crazy_yiuf_cottage
D:8:      layout_loops_cross, due_lair_maze_entry_diamond, enter_ossuary_3,
          minivault_24, minmay_misc_feat_rows, uniq_grum
Temple:   eino_temple_lava

Skill      XL: |  1  2  3  4  5  6  7  8  9 |
---------------+----------------------------+-----
Fighting       | 4 5 6 |  6.8
Axes           | 4 5 6 7 9 10 | 10.2
Armour         | 3 4 5 6 8 |  8.8
Stealth        | 1 2 3 |  3.3
Dodging        | 3 |  3.2

Action                   |  1- 3 |  4- 6 |  7- 9 || total
-------------------------+-------+-------+-------++-------
Melee: Hand axe          |    56 |   104 |   161 ||   321
       Headbutt          |     3 |    24 |    31 ||    58
Invok: Berserk           |       |     3 |     8 ||    11
       Trog's Hand       |       |     1 |     8 ||     9
  Use: Scroll            |       |     7 |       ||     7
 Stab: Sleeping          |     1 |     5 |     3 ||     9
Armor: Animal skin       |     2 |       |       ||     2
       Shadow dragon sca |    23 |    69 |   204 ||   296
Dodge: Dodged            |    24 |    57 |   126 ||   207

Table legend: (Time is in decaauts)
 A = Elapsed time spent in this place.
 B = Non-inter-level travel time spent in this place.
 C = Inter-level travel time spent in this place.
 D = Time resting spent in this place.
 E = Time spent auto-exploring this place.
 F = Levels seen in this place.
 G = Mean time per level.
                   A        B        C        D        E       F      G
               +--------+--------+--------+--------+--------+-----+--------+
         Total |   7645 |   7562 |     83 |   2678 |      0 |   9 |  849.4 |
       Dungeon |   7464 |   7381 |     83 |   2678 |      0 |   8 |  933.0 |
        Temple |    181 |    181 |      0 |      0 |      0 |   1 |  181.0 |
               +--------+--------+--------+--------+--------+-----+--------+

Top non-repeatable levels by time:
     D:4: 1557 daAuts
     D:6: 1417 daAuts
     D:7: 1283 daAuts
     D:2: 1116 daAuts
     D:1: 708 daAuts
     D:3: 687 daAuts
     D:5: 495 daAuts
     D:8: 197 daAuts
  Temple: 181 daAuts
